Map: [ESL] Oceanborn

Players

Coffee

  • Race: Terran Terran
  • Spawn Location: 11:00

Jieshi - Winner!

  • Race: Protoss Protoss
  • Spawn Location: 5:00

Event: ESL SC2 Masters 2024 Spring (Regional)

VOD

Have the link to the VOD?

Description

Time

  • Played on: April 27, 2024, 6:19 a.m.
  • Length: 12:01

All games in this series

Show
View Real Time Build Order
Export as new Build Order

Coffee Terran 

Build Orders:  

Get SALT Encoding   

  12  0:00  SCV  
  13  0:12  SCV  
  14  0:17  Supply Depot  
  14  0:24  SCV  
  15  0:38  SCV  
  15  0:40  Barracks  
  16  0:43  Refinery  
  16  0:50  SCV  
  17  1:03  SCV  
  18  1:15  SCV  
  19  1:27  Marine, Orbital Command  
  20  1:39  Command Center  
  20  1:49  Factory  
  20  1:53  SCV  
  21  2:01  Supply Depot  
  21  2:03  Barracks Reactor  
  21  2:06  SCV  
  22  2:14  Refinery  
  22  2:18  SCV  
  23  2:30  SCV  
  24  2:38  Starport  
  24  2:43  Hellion x2  
  24  2:44  SCV  
  29  2:51  Orbital Command  
  29  3:04  Hellion x2  
  33  3:07  SCV  
  33  3:12  Orbital Command  
  34  3:14  Medivac  
  36  3:20  SCV  
  36  3:23  Supply Depot  
  37  3:30  Barracks  
  37  3:32  Factory Tech Lab  
  37  3:34  Marine x2  
  38  3:35  SCV  
  38  3:38  SCV  
  41  3:48  SCV  
  42  3:50  SCV  
  42  3:51  Siege Tank, Marine  
  42  3:52  Marine  
  46  4:03  SCV  
  46  4:05  Engineering Bay  
  45  4:11  Marine x2  
  45  4:16  SCV x2  
  45  4:17  Supply Depot  
  45  4:18  Barracks Tech Lab  
  43  4:25  Siege Tank  
  43  4:27  Refinery  
  43  4:28  SCV x2  
  48  4:32  Bunker  
  48  4:33  Marine x2  
  48  4:37  Stimpack  
  50  4:39  Terran Infantry Weapons Level 1  
  50  4:42  SCV  
  50  4:44  SCV  
  52  4:51  Barracks  
  52  4:54  SCV  
  52  4:55  Supply Depot  
  52  4:56  SCV  
  54  5:00  Marine x3  
  54  5:05  Siege Tank  
  54  5:07  SCV  
  61  5:08  SCV  
  61  5:09  Starport Reactor  
  62  5:15  Supply Depot  
  62  5:22  Marine x3  
  62  5:23  SCV x2  
  62  5:28  Supply Depot  
  66  5:35  Supply Depot, SCV x2  
  68  5:41  Marine x2  
  70  5:46  Combat Shield, Marauder  
  70  5:47  Factory Reactor, Marauder  
  70  5:48  Refinery  
  74  5:51  Medivac x2  
  74  5:53  SCV  
  74  5:54  SCV  
  80  5:59  Marine x2  
  82  6:05  Missile Turret  
  82  6:06  Supply Depot  
  82  6:08  Marauder x2  
  86  6:15  SCV x2  
  88  6:23  Marine x2  
  88  6:24  Medivac x2  
  94  6:32  Marauder x2  
  98  6:35  Widow Mine x2  
  102  6:41  Supply Depot x2  
  94  6:53  Marine x2  
  94  6:54  Marauder x2  
  100  7:07  Widow Mine x2  
  97  7:14  Terran Infantry Armor Level 1  
  97  7:15  Barracks, Marauder x2  
  99  7:16  Barracks  
  99  7:17  Command Center  
  99  7:19  SCV x2  
  101  7:28  Viking  
  101  7:29  Viking  
  105  7:31  SCV x2, Marine  
  105  7:33  Marine  
  109  7:38  Marauder x2  
  109  7:43  SCV x2  
  115  7:55  SCV x2  
  115  7:56  Marine  
  118  8:01  Factory Tech Lab  
  118  8:02  Missile Turret  
  118  8:10  Barracks Reactor, Barracks Tech Lab  
  118  8:14  Missile Turret  
  118  8:17  Supply Depot  
  118  8:26  Marine  
  118  8:29  Viking x2, SCV x2, Marauder x2  
  118  8:33  Marauder  
  130  8:40  Marine  
  130  8:41  SCV x2, Marine x2  
  135  8:42  Siege Tank  
  135  8:45  Orbital Command  
  135  8:47  Refinery  
  138  8:49  Refinery  
  138  8:53  SCV  
  135  9:00  Engineering Bay  
  135  9:01  Armory  
  134  9:03  Marauder x2  
  134  9:05  Marauder  
  141  9:11  Supply Depot  
  141  9:13  Supply Depot x2  
  140  9:21  Supply Depot  
  140  9:22  Supply Depot  
  140  9:23  SCV  
  141  9:24  Missile Turret  
  141  9:29  Ghost Academy  
  141  9:32  Siege Tank  
  141  9:33  Marauder x2  
  141  9:35  Marauder  
  150  9:40  Viking  
  150  9:41  Viking  
  154  9:45  Bunker  
  154  9:51  Supply Depot  
  154  9:59  Marine x3  
  156  10:00  Marine  
  157  10:09  Ghost x2  
  157  10:11  Ghost  
  163  10:18  Viking x2  
  167  10:23  Marine x2  
  167  10:24  Marine x2  
  171  10:31  Supply Depot  
  169  10:39  Marauder x2  
  169  10:40  Marine  
  169  10:41  Marine x3  
  177  10:49  Viking x2  
  179  10:58  Siege Tank  
  179  11:00  Command Center  
  179  11:04  Barracks x2  
  180  11:05  Barracks  
  180  11:06  Sensor Tower  
  163  11:20  Viking x2  
  163  11:38  Marauder x2  
Show
View Real Time Build Order
Export as new Build Order

Jieshi Protoss - Winner!

Build Orders: 1 Gate Expand, Blink Stalkers, Colossus Rush 

Get SALT Encoding   

  12  0:00  Probe  
  13  0:12  Probe  
  14  0:18  Pylon  
  14  0:24  Probe (Chrono Boost)  
  15  0:37  Gateway  
  15  0:38  Probe (Chrono Boost)  
  16  0:43  Probe (Chrono Boost)  
  16  0:46  Assimilator  
  17  0:52  Probe  
  18  1:05  Probe  
  19  1:20  Nexus  
  19  1:28  Cybernetics Core  
  19  1:30  Probe  
  20  1:35  Assimilator  
  20  1:42  Probe  
  20  1:45  Pylon  
  21  1:54  Probe  
  22  2:01  Adept (Chrono Boost)  
  22  2:04  Warp Gate  
  22  2:06  Probe  
  25  2:15  Twilight Council  
  25  2:18  Probe  
  26  2:26  Stalker  
  28  2:31  Probe (Chrono Boost)  
  28  2:36  Probe (Chrono Boost)  
  30  2:41  Probe (Chrono Boost)  
  32  2:45  Gateway, Probe (Chrono Boost)  
  32  2:46  Probe (Chrono Boost)  
  32  2:49  Blink (Chrono Boost)  
  33  2:58  Probe  
  34  3:00  Stalker  
  34  3:01  Probe  
  35  3:10  Probe  
  38  3:13  Probe  
  39  3:25  Robotics Facility  
  39  3:26  Probe x2  
  41  3:38  Probe  
  41  3:39  Probe  
  43  3:41  Nexus  
  43  3:45  Pylon  
  42  3:55  Stalker  
  42  3:57  Stalker  
  42  3:58  Probe x2  
  36  4:10  Probe x2  
  36  4:17  Observer  
  36  4:19  Stalker  
  36  4:22  Probe (Chrono Boost)  
  41  4:25  Probe (Chrono Boost)  
  41  4:26  Assimilator  
  41  4:35  Observer, Probe (Chrono Boost)  
  44  4:39  Probe (Chrono Boost)  
  44  4:41  Probe (Chrono Boost)  
  44  4:45  Robotics Bay  
  45  4:46  Probe (Chrono Boost)  
  47  4:55  Probe x2 (Chrono Boost)  
  47  4:57  Probe (Chrono Boost)  
  49  5:03  Probe (Chrono Boost)  
  49  5:04  Probe x2 (Chrono Boost)  
  49  5:06  Pylon  
  52  5:08  Probe (Chrono Boost)  
  52  5:11  Charge  
  52  5:13  Probe x2  
  55  5:20  Probe  
  56  5:25  Probe x2  
  58  5:31  Colossus (Chrono Boost)  
  58  5:32  Probe  
  65  5:37  Probe x2  
  67  5:44  Gateway  
  67  5:45  Extended Thermal Lance  
  67  5:47  Probe  
  67  5:49  Probe  
  69  5:52  Observer, Shield Battery  
  69  5:57  Gateway  
  69  6:03  Probe  
  68  6:04  Probe x2  
  68  6:06  Pylon  
  68  6:08  Colossus (Chrono Boost)  
  76  6:14  Observer  
  76  6:19  Pylon  
  76  6:25  Pylon  
  76  6:26  Sentry  
  76  6:27  Zealot  
  76  6:30  Pylon  
  80  6:33  Gateway  
  80  6:36  Gateway  
  80  6:46  Zealot  
  78  6:50  Stalker, Zealot  
  78  6:52  Colossus (Chrono Boost)  
  81  6:56  Probe x2  
  81  6:58  Probe  
  81  7:03  Zealot  
  79  7:08  Probe  
  79  7:09  Probe  
  79  7:10  Probe  
  79  7:12  Zealot x2  
  86  7:20  Probe  
  86  7:21  Forge, Probe  
  86  7:22  Probe  
  89  7:24  Forge  
  89  7:27  Gateway  
  89  7:29  Gateway  
  89  7:31  Gateway  
  89  7:36  Disruptor (Chrono Boost), Pylon  
  89  7:42  Probe x2  
  95  7:45  Nexus  
  95  7:52  Pylon  
  95  7:54  Protoss Ground Armor Level 1 (Chrono Boost), Zealot x2  
  95  7:55  Sentry  
  101  8:01  Zealot  
  101  8:02  Zealot  
  101  8:03  Zealot  
  107  8:10  Observer, Probe, Pylon  
  107  8:11  Probe  
  109  8:14  Pylon  
  109  8:20  Probe  
  109  8:22  Probe, Disruptor (Chrono Boost)  
  109  8:23  Probe, Pylon  
  115  8:33  Probe  
  116  8:34  Probe  
  116  8:35  Probe  
  116  8:39  Stalker  
  120  8:44  Stalker  
  120  8:45  Zealot x6  
  120  8:46  Zealot  
  129  9:04  Stalker  
  129  9:06  Zealot  
  129  9:07  Zealot x4  
  141  9:14  Forge  
  141  9:15  Shield Battery, Templar Archives  
  141  9:16  Zealot x2  
  141  9:17  Zealot  
  147  9:19  Warp Prism (Chrono Boost)  
  148  9:26  Photon Cannon  
  148  9:33  Probe  
  148  9:34  Photon Cannon  
  148  9:36  Shield Battery  
  148  9:37  Stalker  
  148  9:38  Stalker x2  
  155  9:40  Zealot  
  155  9:44  Observer (Chrono Boost)  
  158  9:47  Probe  
  158  9:48  Assimilator, Probe x2  
  158  9:51  Assimilator, Protoss Ground Weapons Level 1 (Chrono Boost)  
  161  9:52  Zealot  
  161  9:54  Zealot  
  161  9:57  Pylon  
  163  10:03  Probe  
  163  10:05  Pylon  
  164  10:15  Probe  
  164  10:18  Pylon  
  165  10:25  Stalker x2  
  165  10:27  Stalker x2  
  165  10:28  Zealot x4  
  179  10:39  Probe  
  179  10:40  Stalker  
  178  10:50  Observer  
  178  10:52  Zealot  
  178  10:53  Stalker x2, Zealot  
  187  11:00  Pylon  
  187  11:08  Stalker, Zealot  
  186  11:16  Disruptor  
  182  11:22  Zealot x3  
  182  11:23  Zealot x2  
  186  11:27  Zealot x2  
  186  11:28  Zealot  
  158  11:43  Zealot  
  158  11:45  Zealot x4  
  158  11:46  Zealot  
  127  11:57  Zealot  
Tags
 
Add a new tag
Caveats
  • Supply blocks, unpowered buildings, or Contaminate may cause inaccurate times.
  • Supply counts are checked every 10 seconds.